 Dungeon Crawl Stone Soup version 0.23.2-1-ga50397a (webtiles) character file.

Game seed: 10227328119768018400

2034 Fang the Skirmisher (level 9, -10/57 HPs)
             Began as a Gargoyle Berserker on Apr 30, 2019.
             Was an Elder of Trog.
             Mangled by an ogre
             ... wielding a +0 giant club
              (25 damage)
             ... on level 7 of the Dungeon.
             The game lasted 00:07:26 (4999 turns).

Fang the Skirmisher (Gargoyle Berserker)            Turns: 4999, Time: 00:07:27

Health: -10/57     AC: 19    Str: 23    XL:     9   Next: 24%
Magic:  9/9        EV: 10    Int:  9    God:    Trog [****..]
Gold:   98         SH:  0    Dex:  9    Spells: 8/8 levels left

rFire    . . .     SeeInvis .   a - +3 hand axe (chop)
rCold    . . .     Gourm    .   (no shield)
rNeg     + . .     Faith    .   b - +0 plate armour
rPois    ∞         Spirit   .   (no helmet)
rElec    +         Reflect  .   (no cloak)
rCorr    .         Harm     .   (no gloves)
MR       ++...                  (no boots)
Stlth    ..........             (no amulet)
HPRegen  1.19/turn              A - ring of attention (curse)
MPRegen  0.11/turn              y - +2 ring of evasion

@: berserk cooldown, regenerating, slowed, very slow
A: negative energy resistance 1, electricity resistance, unbreathing,
petrification resistance, rot immunity, AC +6
a: Berserk, Trog's Hand, Brothers in Arms, Renounce Religion


You were on level 7 of the Dungeon.
You worshipped Trog.
Trog was greatly pleased with you.
You were hungry.

You visited 2 branches of the dungeon, and saw 9 of its levels.

You collected 373 gold pieces.
You spent 275 gold pieces at shops.

Inventory:

Hand Weapons
 a - a +3 hand axe of chopping (weapon)
 u - a +0 battleaxe
Armour
 b - a +0 plate armour (worn)
Jewellery
 x - an uncursed ring of protection from cold
 y - a +2 ring of evasion (right hand)
 A - a cursed ring of attention (left hand)
Wands
 s - a wand of flame (25)
Scrolls
 d - 4 scrolls of enchant weapon {unknown}
 e - 2 scrolls of enchant armour {unknown}
 j - a scroll of fear {unknown}
 k - 3 scrolls of noise {unknown}
 l - a scroll of random uselessness {unknown}
 n - a scroll of blinking {unknown}
 o - 7 scrolls of remove curse {unknown}
 r - a scroll of magic mapping {unknown}
 t - 5 scrolls of identify {unknown}
 w - 2 scrolls of amnesia {unknown}
 B - a scroll of immolation {unknown}
Potions
 f - 3 potions of curing {unknown}
 g - 3 potions of invisibility
 h - a potion of haste {unknown}
 i - 3 potions of flight {unknown}
 m - 2 potions of lignification {unknown}
 p - 2 potions of might
 q - 3 potions of cancellation {unknown}
 v - 2 potions of mutation {unknown}
 z - a potion of resistance {unknown}
Comestibles
 c - 8 rations
 C - 2 chunks of flesh


   Skills:
 + Level 7.3 Fighting
 + Level 6.0 Axes
 + Level 6.8 Armour
 + Level 5.1 Dodging


You had 8 spell levels left.
You didn't know any spells.
Your spell library was empty.

Dungeon Overview and Level Annotations

Branches:
Dungeon (8/15)             Temple (1/1) D:4
   Lair: D:8-11

Altars:
Elyvilon
Makhleb
Qazlal
Ru
Vehumet
Yredelemnul
Zin

Shops:
D:6 (?!=*


Innate Abilities, Weirdness & Mutations

You are resistant to torment.
Your stone body is resilient. (AC +6)
You are immune to poison.
You resist negative energy. (rN+)
You are resistant to electric shocks. (rElec)
You can survive without breathing.
You are immune to petrification.
You are immune to rotting.


Message History

The ogre hits you but does no damage.
You climb downwards.
An ogre comes into view. It is wielding a +0 giant club.
The ogre shouts!
There is a stone staircase leading up here.
You climb upwards.
You hear the roar of battle.
There is an entrance to a bailey on this level.
Hurry and find it before the portal closes forever!
You hear the roar of battle.
There is an entrance to a bailey on this level.
Hurry and find it before the portal closes forever!
Welcome back, Fang the Gargoyle Berserker.
Trog says: Kill them all!
Press ? for a list of commands and other information.
Okay, then.
Your skin crawls.
You feel resistant to hostile enchantments.
You are feeling hungry.
You hear the creaking of a very distant portcullis.
The ogre hits you with a +0 giant club!!
You die...

..#...# #.####+#
..#...#####......#
..+...'..##.....##########
..#...##..#.##............
..........#...............
########....#....)(.......
##.#.#............. ######
#.#<#..O.))....... ......
......(..@.######## ..##.#
#....#.##..# ...#.#
#.#..#.##..# ...#.#
.....#.##..#
...#.##..#..#.##..#
..†........ #.##..#
..#.###.... .. #..# ..#.#
. ...# ....#


You could see an ogre.

Vanquished Creatures
  A komodo dragon (D:7)
  The ghost of mirrormirror the Covert, an amateur SpAs of Dithmenos (D:5)
  3 sky beasts
  2 ice beasts
  2 centaurs
  An ogre (D:4)
  A bullfrog (D:5)
  A big kobold (D:7)
  A scorpion (D:6)
  2 howler monkeys
  A crimson imp (D:5)
  A centaur zombie (D:6)
  2 orc priests
  A centaur skeleton (D:6)
  Jessica (D:2)
  Terence (D:2)
  4 iguanas
  3 orc wizards
  4 worker ants
  A hound skeleton (D:4)
  4 gnolls (D:5)
  4 adders
  2 adder skeletons
  2 worms (D:2)
  3 dart slugs
  3 leopard geckos
  17 orcs
  5 giant cockroaches
  7 goblins
  7 hobgoblins
  9 jackals
  6 quokkas
  3 ball pythons
  7 bats
  4 frilled lizards
  16 kobolds
  10 rats
143 creatures vanquished.

Vanquished Creatures (others)
  An orc wizard (D:6)
1 creature vanquished.

Grand Total: 144 creatures vanquished

Notes
Turn   | Place    | Note
-------+----------+-------------------------------------------
     0 | D:1      | Fang the Gargoyle Berserker began the quest for the Orb.
     0 | D:1      | Reached XP level 1. HP: 14/14 MP: 1/1
   328 | D:1      | Reached XP level 2. HP: 19/19 MP: 2/2
   800 | D:2      | Reached ** piety under Trog
   854 | D:2      | Reached XP level 3. HP: 18/23 MP: 3/3
   995 | D:2      | Noticed Terence
  1004 | D:2      | Killed Terence
  1139 | D:2      | Found a faded altar of an unknown god.
  1145 | D:2      | Reached XP level 4. HP: 29/29 MP: 4/4
  1279 | D:2      | Reached skill level 4 in Fighting
  1387 | D:2      | Noticed Jessica
  1397 | D:2      | Killed Jessica
  1619 | D:3      | Found a radiant altar of Vehumet.
  1631 | D:3      | Reached XP level 5. HP: 33/33 MP: 5/5
  2024 | D:4      | Noticed a centaur
  2045 | D:4      | Killed a centaur
  2045 | D:4      | Reached XP level 6. HP: 25/39 MP: 6/6
  2050 | D:4      | Reached *** piety under Trog
  2329 | D:4      | Reached skill level 5 in Fighting
  2331 | D:4      | Reached XP level 7. HP: 21/44 MP: 7/7
  2428 | D:4      | Found a staircase to the Ecumenical Temple.
  3047 | Temple   | Entered the Ecumenical Temple
  3065 | D:5      | Entered Level 5 of the Dungeon
  3180 | D:5      | Found a runed translucent door.
  3422 | D:5      | Reached skill level 5 in Armour
  3755 | D:5      | Reached XP level 8. HP: 45/51 MP: 8/8
  3911 | D:5      | Noticed mirrormirror's ghost (amateur SpAs)
  3949 | D:5      | Killed mirrormirror's ghost
  4026 | D:6      | Reached skill level 6 in Fighting
  4122 | D:6      | Found Ackic's Magic Scroll Shop.
  4127 | D:6      | Reached skill level 5 in Axes
  4180 | D:6      | Found Yclaulid's Jewellery Shop.
  4187 | D:6      | Found Zin's Purification Station.
  4187 | D:6      | Found a glowing silver altar of Zin.
  4344 | D:6      | Found Vepidil's Distillery.
  4424 | D:6      | Found Emaga's Antique Weapon Boutique.
  4500 | D:6      | Reached **** piety under Trog
  4714 | D:6      | Bought a battleaxe for 143 gold pieces
  4718 | D:6      | Bought a runed hand axe for 132 gold pieces
  4758 | D:7      | Found a stormy altar of Qazlal.
  4911 | D:7      | Reached XP level 9. HP: 53/56 MP: 9/9
  4954 | D:7      | Reached skill level 7 in Fighting
  4963 | D:7      | Noticed a komodo dragon
  4974 | D:7      | Killed a komodo dragon
  4974 | D:7      | Reached skill level 5 in Dodging
  4999 | D:7      | Mangled by an ogre

Skill      XL: |  1  2  3  4  5  6  7  8  9 |
---------------+----------------------------+-----
Axes           | 3 4 5 6 |  6.0
Dodging        | 2 3 4 5 |  5.1
Armour         | 3 4 5 6 |  6.8
Fighting       | 4 5 6 7 |  7.3

Action                   |  1- 3 |  4- 6 |  7- 9 || total
-------------------------+-------+-------+-------++-------
Melee: Hand axe          |    93 |   209 |   445 ||   747
Invok: Berserk           |     1 |     3 |     4 ||     8
       Trog's Hand       |       |     1 |     1 ||     2
  Eat: Chunk             |     2 |     6 |    14 ||    22
Armor: Plate armour      |    69 |   188 |   328 ||   585
       Animal skin       |     1 |       |       ||     1
Dodge: Dodged            |    42 |    95 |   175 ||   312
